 Dungeon Crawl Stone Soup version 0.30-a0-414-gcb316572d5 (webtiles) character file.

Game seed: 145961486951429562

112 p00ps00p the Trooper (level 4, 0/41 HPs)
             Began as a Hill Orc Fighter on Dec 8, 2022.
             Slain by Edmund
             ... wielding a +1 flail of pain
              (3 damage)
             ... on level 4 of the Dungeon.
             The game lasted 00:01:42 (976 turns).

p00ps00p the Trooper (Hill Orc Fighter)              Turns: 976, Time: 00:01:43

Health: 0/41       AC:  9    Str: 20    XL:     4   Next: 93%
Magic:  4/4        EV:  9    Int:  8    God:
Gold:   64         SH:  4    Dex: 10    Spells: 3/3 levels left

rFire   . . .      SeeInvis .    a - +0 war axe
rCold   . . .      Faith    .    c - +0 buckler
rNeg    . . .      Spirit   .    b - +0 scale mail
rPois   .          Reflect  .    (no helmet)
rElec   .          Harm     .    m - +1 cloak
rCorr   .          Rampage  .    (no gloves)
Will    .....                    (no boots)
Stlth   ..........               (no amulet)
HPRegen 0.26/turn                (no ring)
MPRegen 0.09/turn                (no ring)

@: no status effects
A: no striking features
a: no special abilities


You were on level 4 of the Dungeon.
You visited 1 branch of the dungeon, and saw 3 of its levels.

You collected 64 gold pieces.

Inventory:

Hand Weapons
 a - a +0 war axe (weapon)
Missiles
 h - 5 poisoned darts (quivered)
Armour
 b - a +0 scale mail (worn)
 c - a +0 buckler (worn)
 m - a +1 cloak (worn)
Jewellery
 k - an amulet of faith
Scrolls
 d - a scroll of enchant weapon {unknown}
 e - a scroll of amnesia {unknown}
 f - a scroll of identify {unknown}
 n - a scroll of magic mapping {unknown}
Potions
 i - a potion of invisibility {unknown}
 j - a potion of haste {unknown}
 l - a potion of lignification {unknown}


   Skills:
 + Level 4.5 Fighting
 + Level 4.0 Axes
 + Level 4.1 Armour
 + Level 4.1 Shields


You had 3 spell levels left.
You didn't know any spells.
Your spell library contained the following spells:

 Spells                   Type           Power      Damage    Failure   Level
 Static Discharge         Conj/Air       0%         2-2/arc   94%         2
 Vhi's Electric Charge    Tloc/Air       0%         N/A       99%         3
 Arcjolt                  Conj/Air       0%         1d10      100%        5
 Lightning Bolt           Conj/Air       0%         1d11      100%        5


Dungeon Overview and Level Annotations

Branches:
Dungeon (2/15)

Altars:

Annotations:
D:4 1 transporter, Edmund; qeuew's ghost, novice HOFi


Message History

Edmund is almost dead.
Edmund hits you with a +1 flail of pain.
* * * LOW HITPOINT WARNING * * *
You feel better. Edmund closely misses you.
The quokka twitches its whiskers.
You feel better.
Edmund says, "I might not be good at magic, but I can still kill you!"
Edmund closely misses you.
You hit Edmund but do no damage.
Edmund is almost dead.
Edmund barely misses you. Edmund hits you but does no damage.
You writhe in agony.
You barely miss Edmund.
Edmund is almost dead.
Edmund hits you but does no damage.
You hit Edmund but do no damage.
Edmund is almost dead.
Edmund barely misses you.
You hit Edmund but do no damage.
Edmund is almost dead.
Edmund hits you but does no damage.
Edmund says, "What use are spells, anyway?"
Edmund hits you with a +1 flail of pain.
You completely miss Edmund.
Edmund is almost dead.
Edmund hits you with a +1 flail of pain.
You hit Edmund but do no damage.
Edmund is almost dead.
Edmund hits you with a +1 flail of pain!
You writhe in agony.
* * * LOW HITPOINT WARNING * * *
You hit Edmund but do no damage.
Edmund is almost dead.
Edmund asks, "Have you met my wondrous brother?"
Edmund hits you with a +1 flail of pain!
* * * LOW HITPOINT WARNING * * *
You writhe in agony.
* * * LOW HITPOINT WARNING * * *
Edmund hits you with a +1 flail of pain.
You die...

8.#...#.8#..########
...#.#...#..........
........?#....######
....©...)#©..##
......[w#..##
)#.#.gW#..#
...#r8#..#####.#
...g##........#
#####..@#####.#
.......@# ........#
........# ........#
........# #########


You could see Edmund, a worm, qeuew's ghost, a gnoll, a quokka and a goblin.

Vanquished Creatures
  Natasha (twice) (D:2)
  A gnoll (D:1)
  An adder (D:2)
  2 worms (D:2)
  4 bats
  4 endoplasms (D:1)
  A giant cockroach (D:1)
  4 goblins
  3 hobgoblins (D:1)
  8 ball pythons
  2 frilled lizards (D:2)
  4 kobolds (D:1)
  4 rats
40 creatures vanquished.

Vanquished Creatures (others)
  4 toadstools (D:1)
4 creatures vanquished.

Grand Total: 44 creatures vanquished

Notes
Turn   | Place    | Note
-------+----------+-------------------------------------------
     0 | D:1      | p00ps00p the Hill Orc Fighter began the quest for the Orb.
     0 | D:1      | Reached XP level 1. HP: 19/19 MP: 1/1
    37 | D:1      | Reached XP level 2. HP: 27/27 MP: 2/2
   309 | D:1      | Reached XP level 3. HP: 27/33 MP: 3/3
   785 | D:2      | Reached XP level 4. HP: 40/40 MP: 4/4
   803 | D:2      | Noticed Natasha
   818 | D:2      | Killed Natasha
   832 | D:2      | Noticed Natasha
   836 | D:2      | Killed Natasha
   933 | D:2      | You fall into a shaft and drop 2 floors!
   944 | D:4      | Noticed qeuew's ghost (novice HOFi)
   950 | D:4      | Found a transporter.
   956 | D:4      | Noticed Edmund
   976 | D:4      | Slain by Edmund

Illustrated notes

Levels and vault maps discovered:
D:1:      ldierk_walled_garden_2, layout_basic, nicolae_figureground_sparkle
D:2:      layout_basic, kennysheep_nub, uniq_natasha
D:4:      layout_basic, gammafunk_ghost_arena, kennysheep_small_square,
          uniq_menkaure, uniq_edmund

Skill      XL: |  1  2  3  4 |
---------------+-------------+-----
Axes           | 3 4 |  4.0
Fighting       | 4 |  4.5
Armour         | 4 |  4.1
Shields        | 4 |  4.1

Action                   |  1- 3 |  4- 6 || total
-------------------------+-------+-------++-------
Melee: War axe           |    90 |    31 ||   121
  Use: Potion            |       |     3 ||     3
Armor: Scale mail        |    45 |    12 ||    57
Dodge: Dodged            |    56 |    15 ||    71
Block: Buckler           |    18 |       ||    18

Table legend: (Time is in decaauts)
 A = Elapsed time spent in this place.
 B = Non-inter-level travel time spent in this place.
 C = Inter-level travel time spent in this place.
 D = Time resting spent in this place.
 E = Time spent auto-exploring this place.
 F = Levels seen in this place.
 G = Mean time per level.
                   A        B        C        D        E       F      G
               +--------+--------+--------+--------+--------+-----+--------+
         Total |   1027 |   1007 |     20 |      0 |    701 |   3 |  342.3 |
       Dungeon |   1027 |   1007 |     20 |      0 |    701 |   3 |  342.3 |
               +--------+--------+--------+--------+--------+-----+--------+

Top non-repeatable levels by time:
     D:1: 619 daAuts
     D:2: 361 daAuts
     D:4: 47 daAuts
